 Dungeon Crawl Stone Soup version 0.31.0-11-ge490571c62 (console) character file.

Game seed: 17227053736663326793

40 zenocrate the Ruffian (level 3, 0/36 HPs)
             Began as a Troll Delver on Feb 1, 2024.
             Incinerated by a bombardier beetle (5 damage)
             ... with a burning spray
             ... on level 5 of the Dungeon.
             The game lasted 00:00:27 (345 turns).

zenocrate the Ruffian (Troll Delver)                 Turns: 345, Time: 00:00:28

Health: 0/36       AC:  4    Str: 22    XL:     3   Next: 30%
Magic:  2/2        EV: 10    Int:  6    God:
Gold:   30         SH:  0    Dex: 11    Spells: 2/2 levels left

rFire   . .          .
                       - Unarmed
rCold   . . .        (no shield)
rNeg    . . .        a - +0 robe
rPois   .            (helmet restricted)
rElec   .            (no cloak)
rCorr   .            (gloves unavailable)
SInv    .            (boots unavailable)
Will    .....        (no amulet)
Stlth   +            (no ring)
HPRegen 1.06/turn    (no ring)
MPRegen 0.08/turn

%: no passive effects
@: on fire, glowing
A: large, unfitting armour, claws 3, regeneration 1, shaggy fur 1, tough skin 1
a: no special abilities


You were on level 5 of the Dungeon.
You visited 1 branch of the dungeon, and saw 1 of its levels.

You collected 30 gold pieces.

Inventory:

Armour
 a - a +0 robe (worn)
Wands
 f - a wand of digging (3)
 i - a wand of roots (3)
Scrolls
 b - a scroll of fog
 c - a scroll of revelation
 d - a scroll of fear
 h - a scroll of amnesia {unknown}
Potions
 e - a potion of haste
 g - a potion of resistance {unknown}


   Skills:
 + Level 2.5 Fighting
 - Level 1.7 Dodging
 - Level 2.8 Stealth
 + Level 3.3 Unarmed Combat


You had 2 spell levels left.
You didn't know any spells.
Your spell library was empty.

Dungeon Overview and Level Annotations

Branches:
Dungeon (5/15)
 Temple: D:4-7

Altars:


Innate Abilities, Weirdness & Mutations

You are too large for most types of armour.
You have claws for hands.
Your natural rate of healing is unusually fast.
You are covered in fur. (AC +1)
You have tough skin. (AC +1)


Message History

You shake off some of the fire as you move.
The liquid fire burns you!
You claw the bombardier beetle!
The bombardier beetle is heavily wounded.
The liquid fire burns you! The bombardier beetle bites you.
You scratch the bombardier beetle.
The bombardier beetle is severely wounded.
The liquid fire burns you!
You closely miss the bombardier beetle.
The bombardier beetle is severely wounded.
The liquid fire burns you! The bombardier beetle bites you.
You are too injured to fight recklessly!
You scratch the bombardier beetle but do no damage.
The bombardier beetle is severely wounded.
The liquid fire burns you!
The bombardier beetle barely misses you.
You scratch the bombardier beetle.
The bombardier beetle is severely wounded.
The liquid fire burns you!
* * * LOW HITPOINT WARNING * * *
Unknown command.
You scratch the bombardier beetle but do no damage.
The bombardier beetle is severely wounded.
The liquid fire burns you!
* * * LOW HITPOINT WARNING * * *
The bombardier beetle sprays incendiary fluid at you.
The burning spray hits you.
You are even more covered in liquid fire!
Unknown command.
You scratch the bombardier beetle but do no damage.
The bombardier beetle is severely wounded.
The liquid fire burns you!
* * * LOW HITPOINT WARNING * * *
Unknown command.
You barely miss the bombardier beetle.
The bombardier beetle is severely wounded.
The liquid fire burns you!
You die...

.....# #.. ....# ##..
#...####... ......
.######.......... ......
................#
......# #........#......
.......##........##.....
..............[..##.....
........................
.......$................
.......@....!...........
......B.................
#.#.....................
####..................
#.#..............<.
#...................
...#####.............
.## ##............
###......... ###.......
########


You could see a bombardier beetle.

Vanquished Creatures
  2 adders (D:5)
  4 ufetubi (D:5)
6 creatures vanquished.

Notes
Turn   | Place    | Note
-------+----------+-------------------------------------------
     0 | D:5      | zenocrate the Troll Delver began the quest for the Orb.
     0 | D:5      | Reached XP level 1. HP: 22/22 MP: 0/0
    55 | D:5      | Reached XP level 2. HP: 29/29 MP: 1/1
   193 | D:5      | Reached skill level 3 in Unarmed Combat
   196 | D:5      | Reached XP level 3. HP: 26/36 MP: 2/2
   345 | D:5      | Incinerated by a bombardier beetle

Illustrated notes

Levels and vault maps discovered:
D:5:      layout_layer_cave, mainiacjoe_overflow_tiny_flanked,
          mainiacjoe_overflow_small_starburst, minmay_mini_ossuary, uniq_edmund

Skill      XL: |  1  2 |
---------------+-------+-----
Unarmed Combat | 3 |  3.3
Fighting       | |  2.5
Dodging        | |  1.7
Stealth        | |  2.8

Action                     || total
---------------------------++-------
  Melee: Unarmed           ||    23
 Armour: Robe              ||    12
  Dodge: Dodged            ||    16
